 Dungeon Crawl Stone Soup version 0.31-a0-1363-g282adc679d (webtiles) character file.

Game seed: 13452383290243275938

49 James the Thrower (level 3, -2/26 (28) HPs)
             Began as a Gnoll Wanderer on Dec 23, 2023.
             Incinerated by a bombardier beetle (3 damage)
             ... with a burning spray
             ... on level 3 of the Dungeon.
             The game lasted 00:05:32 (2099 turns).

James the Thrower (Gnoll Wanderer)                  Turns: 2099, Time: 00:05:33

HP:   -2/26 (28)    AC:  8    Str: 13    XL:     3   Next: 77%
MP:   7/7           EV: 10    Int:  9    God:
Gold: 77            SH:  0    Dex: 13    Spells: 7/7 levels left

rFire   . . .        b - +0 spear
rCold   . . .        (no shield)
rNeg    . . .        d - +0 ring mail
rPois   .            (no helmet)
rElec   .            (no cloak)
rCorr   .            w - +1 pair of gloves
SInv    .            (no boots)
Will    .....        (no amulet)
Stlth   +            (no ring)
HPRegen 0.24/turn    (no ring)
MPRegen 0.10/turn

%: no passive effects
@: on fire, hasted, glowing, drained, very quick
A: fangs 1, strong nose, distributed training
a: no special abilities


You were on level 3 of the Dungeon.
You visited 1 branch of the dungeon, and saw 3 of its levels.

You collected 77 gold pieces.

Inventory:

Hand Weapons
 a - a +2 dagger
 b - a +0 spear (weapon)
 q - a +0 sling
   (You took it off a goblin on level 2 of the Dungeon)
 s - a +0 long sword
   (You found it on level 2 of the Dungeon)
 v - a +2 short sword of draining
   (You took it off a kobold on level 2 of the Dungeon)
Missiles
 c - a curare-tipped dart {!f}
 i - 14 stones
 j - 2 boomerangs (quivered)
 k - 4 silver javelins
Armour
 d - a +0 ring mail (worn)
 w - a +1 pair of gloves (worn)
   (You found it on level 2 of the Dungeon)
Scrolls
 e - 2 scrolls of teleportation {@r4}
 g - a scroll of noise {unknown}
 m - a scroll of fear {unknown}
 o - 2 scrolls of immolation {unknown}
 p - a scroll of identify {unknown}
 r - a scroll of poison {unknown}
 t - 3 scrolls of blinking {unknown}
Potions
 f - a potion of curing {unknown}
 h - a potion of magic {unknown}
 l - a potion of cancellation {unknown}
 n - 3 potions of haste {@q3}
 u - a potion of degeneration {unknown}


   Skills:
 + Level 2.6 Fighting
 + Level 1.0 Short Blades
 + Level 1.0 Long Blades
 + Level 1.0 Axes
 + Level 1.0 Maces & Flails
 + Level 4.6 Polearms
 + Level 1.0 Staves
 + Level 1.0 Ranged Weapons
 + Level 8.5 Throwing
 + Level 4.6 Armour
 + Level 1.0 Dodging
 + Level 1.0 Stealth
 + Level 1.0 Shields
 + Level 1.0 Unarmed Combat
 + Level 2.9 Spellcasting
 + Level 0.7 Conjurations
 + Level 0.7 Hexes
 + Level 0.7 Summonings
 + Level 0.7 Necromancy
 + Level 0.7 Translocations
 + Level 0.7 Fire Magic
 + Level 0.7 Ice Magic
 + Level 0.7 Air Magic
 + Level 0.7 Earth Magic
 + Level 0.7 Alchemy
 + Level 1.0 Invocations
 + Level 1.0 Evocations
 + Level 0.8 Shapeshifting


You had 7 spell levels left.
You didn't know any spells.
Your spell library was empty.

Dungeon Overview and Level Annotations

Branches:
Dungeon (3/15)

Altars:


Innate Abilities, Weirdness & Mutations

You have very sharp teeth.
Your uncanny sense of smell can sniff out nearby items.
Your experience applies equally to all skills.


Message History

There is a stone staircase leading up here.
Found a stone staircase leading down.
Found a spear.
There is a stone staircase leading down here.
Found 15 gold pieces.
Found a chain mail.
You now have 77 gold pieces (gained 15).
You reach to attack!
You hit the bombardier beetle. You hit the bombardier beetle.
You hit the bombardier beetle.
The bombardier beetle sprays incendiary fluid at you.
The burning spray hits you.
You are covered in liquid fire!
You hit the bombardier beetle. The liquid fire burns you!
The kobold hits you with a +0 whip.
You hit the bombardier beetle but do no damage.
The liquid fire burns you! The kobold hits you but does no damage.
The bombardier beetle sprays incendiary fluid at you.
The burning spray hits you.
You are even more covered in liquid fire!
You hit the bombardier beetle but do no damage.
The liquid fire burns you! The kobold hits you but does no damage.
You hit the bombardier beetle but do no damage.
The liquid fire burns you!
* * * LOW HITPOINT WARNING * * *
The bombardier beetle completely misses you.
The kobold closely misses you.
You shake off some of the fire as you move.
The liquid fire burns you!
* * * LOW HITPOINT WARNING * * *
The bombardier beetle sprays incendiary fluid at you.
The burning spray hits you.
You are even more covered in liquid fire!
You shake off some of the fire as you move.
The liquid fire burns you!
* * * LOW HITPOINT WARNING * * *
The kobold throws a stone.
The stone hits you but does no damage.
You shake off some of the fire as you move.
The liquid fire burns you!
* * * LOW HITPOINT WARNING * * *
The bombardier beetle sprays incendiary fluid at you.
The burning spray hits you.
You are even more covered in liquid fire!
The kobold throws a stone.
The stone hits you but does no damage.
It was a potion of haste.
You feel yourself speed up. The liquid fire burns you!
You die...

#......##.....
######.#..#.#.#####.##
.............>........
............#.#####.#.
....................#
..........#.###.#.#
#........#.....#.#
#........#.........
#...@..............
#........#.........
#........#.........
#......KB#.........
.....................
############.........
#. ........[ #.##
.###### # #.<#


You could see a bombardier beetle and a kobold.

Vanquished Creatures
  2 dart slugs (D:1)
  6 bats
  2 endoplasms (D:2)
  3 giant cockroaches
  3 hobgoblins
  2 jackals (D:2)
  A quokka (D:1)
  3 ball pythons
  2 frilled lizards
  7 goblins
  5 kobolds
  5 rats
41 creatures vanquished.

Notes
Turn   | Place    | Note
-------+----------+-------------------------------------------
     0 | D:1      | James the Gnoll Wanderer began the quest for the Orb.
     0 | D:1      | James set off with the following items: a +2 dagger, a
                  | curare-tipped dart {!f}, a +0 spear, a +0 ring mail, a
                  | scroll of teleportation {@r4}.
     0 | D:1      | Reached XP level 1. HP: 17/17 MP: 4/4
   468 | D:1      | Reached XP level 2. HP: 23/23 MP: 5/5
  1084 | D:2      | Reached XP level 3. HP: 25/28 MP: 7/7
  1185 | D:2      | Reached skill level 1 in Invocations
  1604 | D:2      | Reached skill level 1 in Short Blades
  1604 | D:2      | Reached skill level 1 in Long Blades
  1604 | D:2      | Reached skill level 1 in Axes
  1604 | D:2      | Reached skill level 1 in Maces & Flails
  1604 | D:2      | Reached skill level 1 in Staves
  1604 | D:2      | Reached skill level 1 in Ranged Weapons
  1604 | D:2      | Reached skill level 1 in Dodging
  1604 | D:2      | Reached skill level 1 in Stealth
  1604 | D:2      | Reached skill level 1 in Shields
  1604 | D:2      | Reached skill level 1 in Unarmed Combat
  1604 | D:2      | Reached skill level 1 in Evocations
  1778 | D:2      | Found a faded altar of an unknown god.
  2098 | D:3      | HP: 1/26 [burnt (2)]
  2099 | D:3      | Incinerated by a bombardier beetle

Illustrated notes

Levels and vault maps discovered:
D:1:      elethiomel_arrival_infinity_welcomes_careful_drivers, layout_basic,
          patterned_corridor
D:2:      layout_basic, shapermc_ecumenical_altar_mp_vishouse, minmay_distorted
D:3:      layout_basic, mainiacjoe_overflow_24_doors

Skill      XL: |  1  2  3 |
---------------+----------+-----
Invocations    | 1 |  1.0
Short Blades   | 1 |  1.0
Long Blades    | 1 |  1.0
Axes           | 1 |  1.0
Maces & Flails | 1 |  1.0
Staves         | 1 |  1.0
Ranged Weapons | 1 |  1.0
Dodging        | 1 |  1.0
Stealth        | 1 |  1.0
Shields        | 1 |  1.0
Unarmed Combat | 1 |  1.0
Evocations     | 1 |  1.0
Fighting       | |  2.6
Polearms       | |  4.6
Throwing       | |  8.5
Armour         | |  4.6
Spellcasting   | |  2.9
Conjurations   | |  0.7
Hexes          | |  0.7
Summonings     | |  0.7
Necromancy     | |  0.7
Translocations | |  0.7
Fire Magic     | |  0.7
Ice Magic      | |  0.7
Air Magic      | |  0.7
Earth Magic    | |  0.7
Alchemy        | |  0.7
Shapeshifting  | |  0.8

Action                     || total
---------------------------++-------
  Melee: Spear             ||   123
         Punch             ||     3
         Bite              ||     5
    Use: Potion            ||     1
   Stab: Sleeping          ||     1
 Armour: Ring mail         ||    50
  Dodge: Dodged            ||    40

Table legend: (Time is in decaauts)
 A = Elapsed time spent in this place.
 B = Non-inter-level travel time spent in this place.
 C = Inter-level travel time spent in this place.
 D = Time resting spent in this place.
 E = Time spent auto-exploring this place.
 F = Levels seen in this place.
 G = Mean time per level.
                   A        B        C        D        E       F      G
               +--------+--------+--------+--------+--------+-----+--------+
         Total |   2082 |   1764 |    318 |      0 |   1434 |   3 |  694.0 |
       Dungeon |   2082 |   1764 |    318 |      0 |   1434 |   3 |  694.0 |
               +--------+--------+--------+--------+--------+-----+--------+

Top non-repeatable levels by time:
     D:1: 1103 daAuts
     D:2: 923 daAuts
     D:3: 56 daAuts
